 Dungeon Crawl Stone Soup version 0.18-a0-1354-gbc5753f (webtiles) character file.

254 Dirian the Covered (level 5, -2/48 HPs)
             Began as a Minotaur Fighter on Feb 19, 2016.
             Killed by nerve-wracking pain
             ... invoked by Grinder
              (14 damage)
             ... on level 3 of the Dungeon.
             The game lasted 00:04:13 (1255 turns).

Dirian the Covered (Minotaur Fighter)               Turns: 1255, Time: 00:04:14

Health: -2/48      AC:  8    Str: 22    XL:     5   Next: 91%
Magic:  4/4        EV:  7    Int:  5    God:
Gold:   77         SH: 10    Dex:  9    Spells: 0 memorised, 4 levels left

rFire  . . .     SeeInvis .     a - +0 long sword
rCold  . . .     Gourm    .     b - +0 scale mail
rNeg   . . .     Faith    .     c - +0 shield
rPois  .         Spirit   .     (helmet restricted)
rElec  .         Dismiss  .     (no cloak)
rCorr  .         Reflect  .     e - +0 pair of gloves
SustAt .         Harm     .     (no boots)
MR     .....                    (no amulet)
Stlth  ..........               (no ring)
                                (no ring)

@: not resistant to hostile enchantments, extremely unstealthy
A: retaliatory headbutt, horns 2
a: no special abilities


You were on level 3 of the Dungeon.
You were not hungry.

You visited 1 branch of the dungeon, and saw 3 of its levels.

You collected 77 gold pieces.

Inventory:

Hand Weapons
 a - a +0 long sword (weapon)
 m - a +1 short sword of draining
 p - a +0 scythe of slicing
Armour
 b - a +0 scale mail (worn)
 c - a +0 shield (worn)
 e - a +0 pair of gloves (worn)
 n - a cursed +0 chain mail
Jewellery
 s - a +3 ring of intelligence {unknown}
Scrolls
 i - a scroll of magic mapping {unknown}
 o - a scroll of random uselessness {unknown}
 q - a scroll of identify {unknown}
 r - a scroll of remove curse {unknown}
Potions
 d - a potion of berserk rage {unknown}
 h - a potion of mutation {unknown}
 j - a potion of brilliance {unknown}
 t - a potion of lignification {unknown}
 u - a potion of heal wounds {unknown}
Comestibles
 f - 3 bread rations
 g - a meat ration
 k - a slice of pizza


   Skills:
 + Level 5.1 Fighting
 + Level 3.8 Long Blades
 - Level 5.2 Armour
 - Level 5.1 Shields


You had 4 spell levels left.
You didn't know any spells.

Dungeon Overview and Level Annotations

Branches:
Dungeon (3/15)

Altars:
Ashenzari
Okawaru
Yredelemnul
The Shining One

Annotations:
D:3 Grinder


Innate Abilities, Weirdness & Mutations

You reflexively headbutt those who attack you in melee.
You have a pair of horns on your head.


Message History

Grinder is lightly wounded.
Grinder gestures.
Grinder blinks!
Grinder gestures at you. Pain shoots through your body!
* * * LOW HITPOINT WARNING * * *
Found an iron altar of Okawaru.
Drink which item? (? for menu, Esc to quit)
It was a potion of curing.
You feel better. Grinder gestures at you. Pain shoots through your body!
* * * LOW HITPOINT WARNING * * *
Drink which item? (? for menu, Esc to quit)
You feel better. Grinder hits you but does no damage.
You slash Grinder!
Grinder is moderately wounded.
Grinder hits you but does no damage. Grinder gestures at you.
Pain shoots through your body!
You die...

#....#.##... #.#..#.#
#########..# # ###
.........>.# ...
###....###.#####.####
#....+...+.........
#....###.#........
#........?....#
#....###.†.@..# #####
#....5.# #.........
#.._........
#/..........
#....8......
#...........
##....._.#..


You could see Grinder.

Vanquished Creatures
  Sigmund (D:2)
  4 adders
  A worm (D:2)
  A giant gecko (D:1)
  A ball python (D:1)
  6 bats
  A giant cockroach (D:2)
  2 gnoll zombies (D:2)
  6 hobgoblins
  4 jackals (D:1)
  8 kobolds
  A quokka (D:2)
  3 giant newts
  8 goblins
  4 rats
51 creatures vanquished.

Notes
Turn   | Place    | Note
--------------------------------------------------------------
     0 | D:1      | Dirian the Minotaur Fighter began the quest for the Orb.
     0 | D:1      | Reached XP level 1. HP: 19/19 MP: 0/0
    28 | D:1      | Reached skill level 4 in Armour
    30 | D:1      | Reached XP level 2. HP: 22/27 MP: 1/1
   331 | D:1      | Reached XP level 3. HP: 33/33 MP: 2/2
   672 | D:2      | Noticed Sigmund
   690 | D:2      | Killed Sigmund
   690 | D:2      | Reached skill level 5 in Armour
   690 | D:2      | Reached skill level 5 in Shields
   690 | D:2      | Reached XP level 4. HP: 32/41 MP: 3/3
   690 | D:2      | Reached XP level 5. HP: 36/47 MP: 4/4
   812 | D:2      | Reached skill level 5 in Fighting
  1159 | D:2      | Found a basalt altar of Yredelemnul.
  1221 | D:3      | Found a shattered altar of Ashenzari.
  1232 | D:3      | Found a glowing golden altar of the Shining One.
  1234 | D:3      | Noticed Grinder
  1252 | D:3      | Found an iron altar of Okawaru.
  1252 | D:3      | HP: 2/48 [Grinder/nerve-wracking pain (13)]
  1255 | D:3      | Killed from afar by Grinder

Vault maps used:
D:1:      ncdulo_lavacross
D:2:      lemuel_zombie_altar_yredelemnul, uniq_sigmund
D:3:      nicolae_overflow_crystal_walls, grunt_temple_overflow_open,
          ecumenical_altar_2, uniq_grinder

Action                   |  1- 3 |  4- 6 || total
-------------------------+-------+-------++-------
Melee: Long sword        |    53 |    81 ||   134
  Use: Potion            |     1 |     2 ||     3
  Eat: Chunk             |       |     1 ||     1
